Map: [ESL] Goldenaura

Players

PAPl

  • Race: Protoss Protoss
  • Spawn Location: 12:00

ShaDoWn - Winner!

  • Race: Protoss Protoss
  • Spawn Location: 5:00

Event: ESL SC2 Masters 2023 Winter (Regional)

VOD

Have the link to the VOD?

Description

Time

  • Played on: Oct. 29, 2023, 10:46 a.m.
  • Length: 8:46

All games in this series

Show
View Real Time Build Order
Export as new Build Order

PAPl Protoss 

Build Orders: Phoenix Opening, Blink Stalkers 

Get SALT Encoding   

  12  0:00  Probe  
  13  0:12  Probe  
  14  0:17  Pylon  
  14  0:24  Probe (Chrono Boost)  
  15  0:36  Probe (Chrono Boost)  
  15  0:38  Gateway  
  16  0:44  Probe (Chrono Boost)  
  16  0:46  Assimilator  
  17  0:51  Probe  
  17  0:55  Assimilator  
  18  1:03  Probe (Chrono Boost)  
  19  1:09  Gateway  
  19  1:12  Probe (Chrono Boost)  
  19  1:17  Probe (Chrono Boost)  
  20  1:25  Cybernetics Core  
  21  1:29  Probe  
  22  1:35  Pylon  
  22  1:41  Probe  
  23  1:53  Probe  
  24  2:00  Sentry  
  24  2:01  Stalker  
  28  2:05  Warp Gate  
  28  2:06  Probe  
  29  2:15  Pylon  
  29  2:30  Sentry  
  29  2:35  Phoenix, Stalker  
  33  2:46  Nexus  
  33  2:49  Probe  
  34  2:58  Shield Battery  
  34  3:02  Probe  
  35  3:07  Shield Battery  
  35  3:14  Probe  
  35  3:17  Twilight Council  
  36  3:21  Pylon  
  36  3:34  Probe (Chrono Boost)  
  34  3:43  Probe (Chrono Boost)  
  34  3:48  Probe (Chrono Boost)  
  35  3:53  Stalker x2  
  40  3:56  Blink (Chrono Boost)  
  40  4:00  Shield Battery, Probe  
  40  4:01  Probe  
  42  4:12  Probe  
  43  4:20  Shield Battery, Probe  
  44  4:25  Probe  
  44  4:27  Stalker  
  44  4:29  Phoenix  
  47  4:37  Probe (Chrono Boost)  
  45  4:39  Stalker  
  45  4:43  Probe (Chrono Boost)  
  48  4:48  Probe (Chrono Boost)  
  48  4:52  Probe (Chrono Boost)  
  50  4:57  Probe (Chrono Boost)  
  50  4:58  Probe (Chrono Boost)  
  52  5:02  Stalker  
  52  5:06  Probe  
  53  5:14  Probe  
  53  5:18  Probe  
  54  5:26  Nexus, Probe  
  54  5:28  Pylon  
  55  5:30  Probe  
  55  5:33  Stalker  
  55  5:34  Stalker  
  60  5:38  Probe  
  62  5:42  Probe  
  62  5:52  Probe  
  62  5:54  Probe  
  62  5:57  Robotics Facility  
  62  5:59  Stalker x2  
  66  6:05  Forge, Probe  
  66  6:07  Shield Battery, Probe  
  68  6:13  Assimilator  
  68  6:17  Probe  
  69  6:19  Probe  
  66  6:29  Probe  
  66  6:30  Stalker  
  66  6:31  Probe  
  70  6:34  Pylon  
  70  6:37  Gateway  
  70  6:39  Gateway  
  68  6:41  Probe  
  68  6:45  Stalker  
  70  6:50  Probe  
  70  6:54  Protoss Ground Weapons Level 1 (Chrono Boost)  
  70  6:55  Probe (Chrono Boost)  
  70  6:56  Probe (Chrono Boost)  
  71  7:04  Observer (Chrono Boost)  
  71  7:05  Probe (Chrono Boost)  
  71  7:07  Probe (Chrono Boost)  
  71  7:08  Probe (Chrono Boost)  
  75  7:11  Stalker x2  
  75  7:14  Pylon  
  81  7:16  Probe x2 (Chrono Boost)  
  81  7:17  Probe (Chrono Boost)  
  81  7:20  Pylon  
  81  7:21  Probe  
  83  7:26  Immortal (Chrono Boost), Probe  
  88  7:31  Probe  
  88  7:33  Assimilator  
  88  7:34  Probe  
  90  7:38  Probe  
  90  7:42  Zealot  
  90  7:43  Zealot, Probe  
  96  7:46  Probe  
  96  7:50  Probe  
  97  7:51  Gateway  
  97  7:56  Zealot x2  
  101  7:59  Gateway  
  101  8:02  Pylon  
  101  8:04  Immortal (Chrono Boost)  
  105  8:12  Zealot x2  
  109  8:16  Gateway  
  109  8:17  Pylon  
  109  8:18  Gateway  
  109  8:23  Shield Battery  
  109  8:26  Zealot x2  
  106  8:35  Zealot x2  
Show
View Real Time Build Order
Export as new Build Order

ShaDoWn Protoss - Winner!

Build Orders: Oracle Opening, Blink Stalkers 

Get SALT Encoding   

  12  0:00  Probe  
  13  0:12  Probe  
  14  0:19  Pylon  
  14  0:24  Probe  
  15  0:37  Gateway  
  15  0:38  Probe (Chrono Boost)  
  16  0:48  Assimilator, Probe (Chrono Boost)  
  17  0:53  Probe (Chrono Boost)  
  17  0:56  Assimilator  
  18  1:04  Probe (Chrono Boost)  
  18  1:09  Gateway  
  19  1:14  Probe (Chrono Boost)  
  20  1:19  Probe (Chrono Boost)  
  20  1:25  Cybernetics Core  
  21  1:31  Probe  
  22  1:35  Pylon  
  22  1:43  Probe  
  23  1:55  Probe  
  24  2:02  Warp Gate, Adept x2  
  24  2:07  Probe  
  29  2:14  Pylon  
  30  2:27  Stargate  
  28  2:32  Adept  
  28  2:33  Adept  
  32  2:58  Nexus  
  32  3:03  Probe  
  33  3:09  Oracle (Chrono Boost)  
  36  3:15  Probe  
  37  3:22  Twilight Council  
  37  3:32  Probe  
  36  3:38  Pylon  
  34  3:44  Probe  
  35  3:54  Blink (Chrono Boost)  
  35  3:56  Gateway, Probe (Chrono Boost)  
  36  4:09  Stalker, Probe (Chrono Boost)  
  39  4:12  Probe (Chrono Boost)  
  41  4:18  Probe (Chrono Boost)  
  41  4:19  Probe (Chrono Boost)  
  42  4:25  Probe x2  
  42  4:26  Stalker  
  44  4:37  Probe x2  
  46  4:38  Stalker  
  48  4:49  Probe x2  
  50  4:56  Nexus  
  50  5:01  Probe  
  51  5:09  Probe  
  51  5:13  Probe, Stalker x3  
  56  5:20  Pylon  
  54  5:24  Assimilator  
  54  5:27  Robotics Facility  
  54  5:37  Stalker x3  
  54  5:39  Probe  
  54  5:41  Probe  
  62  5:52  Probe  
  62  5:53  Probe  
  62  6:01  Stalker, Forge  
  62  6:02  Adept x2  
  69  6:06  Charge  
  69  6:07  Probe (Chrono Boost)  
  69  6:08  Probe (Chrono Boost)  
  69  6:10  Probe (Chrono Boost)  
  69  6:11  Pylon  
  71  6:14  Observer  
  71  6:18  Probe (Chrono Boost)  
  74  6:19  Probe (Chrono Boost)  
  74  6:21  Probe (Chrono Boost)  
  74  6:23  Probe (Chrono Boost)  
  72  6:30  Stalker x2  
  72  6:31  Stalker  
  72  6:32  Probe  
  77  6:36  Protoss Ground Weapons Level 1 (Chrono Boost)  
  77  6:39  Probe  
  78  6:43  Probe  
  78  6:45  Probe  
  80  6:48  Gateway  
  80  6:50  Gateway  
  80  6:52  Probe  
  80  6:53  Stalker x2  
  83  6:55  Probe  
  83  6:57  Pylon  
  83  7:03  Assimilator  
  83  7:06  Gateway  
  83  7:07  Gateway  
  84  7:08  Probe  
  84  7:12  Stalker  
  84  7:13  Warp Prism (Chrono Boost)  
  85  7:16  Gateway  
  85  7:21  Stalker  
  89  7:25  Stalker  
  91  7:33  Pylon  
  91  7:36  Stalker  
  93  7:39  Nexus  
  93  7:42  Pylon  
  93  7:44  Zealot  
  93  7:46  Stalker  
  93  7:47  Stalker  
  99  7:54  Stalker  
  101  8:02  Pylon  
  101  8:04  Stalker x3  
  107  8:15  Stalker x2  
  107  8:16  Stalker x2  
  107  8:17  Stalker  
  117  8:24  Probe  
  118  8:27  Stalker x2  
  118  8:28  Stalker  
  118  8:30  Probe  
Tags
 
Add a new tag
Caveats
  • Supply blocks, unpowered buildings, or Contaminate may cause inaccurate times.
  • Supply counts are checked every 10 seconds.